 Dungeon Crawl Stone Soup version 0.26.0-10-g1f06aea511 (webtiles) character file.

Game seed: 6275096395152398213

63329 MajorAdolf the Tainter (level 14, -3/85 HPs)
             Began as a Demonspawn Venom Mage on Jan 17, 2021.
             Was an Initiate of Gozag.
             Slain by a cane toad (9 damage)
             ... on level 1 of the Lair of Beasts.
             The game lasted 01:36:20 (42279 turns).

MajorAdolf the Tainter (Demonspawn Venom Mage)     Turns: 42279, Time: 01:36:21

Health: -3/85      AC: 14    Str:  9    XL:     14   Next: 67%
Magic:  21/27      EV:  9    Int: 28    God:    Gozag
Gold:   1462       SH: 19    Dex: 17    Spells: 13/31 levels left

rFire    + + .     SeeInvis .   y - staff of fire
rCold    + + .     Faith    .   z - +0 tower shield
rNeg     . . .     Spirit   .   n - +2 robe {rC+ rF+}
rPois    +         Reflect  +   x - +0 helmet
rElec    +         Harm     .   l - +2 cloak
rCorr    +         Rampage  +   (no gloves)
Will     +....                  K - +2 pair of boots {rampage}
Stlth    ++........             P - amulet of reflection
HPRegen  0.24/turn              O - ring "Reonk" {+Fly rPois Int+2 Dex+4}
MPRegen  0.20/turn              V - ring "Xovaock" {rElec rCorr Int+4}

@: no status effects
A: claws 1, slimy green scales 3, cold resistance 1, deformed body, demonic
guardian 1
a: Renounce Religion, Evoke Flight, Potion Petition, Call Merchant, Bribe Branch


You were on level 1 of the Lair of Beasts.
You worshipped Gozag.
Gozag was most pleased with you.
You visited 4 branches of the dungeon, and saw 19 of its levels.
You also visited: Ossuary, Bailey and Ice Cave.

You collected 4580 gold pieces.
You spent 557 gold pieces at shops.
You paid 2561 gold pieces to Gozag.

Inventory:

Hand Weapons
 j - a +2 dagger of venom
 T - the +12 whip of Tusyab {vorpal, rPois rF++ Int-2 SInv}
   (You took it off a rakshasa on level 11 of the Dungeon)

   It inflicts extra damage upon your enemies.
   It affects your intelligence (-2).
   It greatly protects you from fire.
   It protects you from poison.
   It lets you see invisible.
Armour
 l - a +2 cloak (worn)
 n - a +2 robe of resistance (worn)
 x - a +0 helmet (worn)
 z - a +0 tower shield (worn)
 K - a +2 pair of boots of rampaging (worn)
Magical Staves
 y - an uncursed staff of fire (weapon)
 F - an uncursed staff of air
 S - an uncursed staff of death
Jewellery
 w - a +6 ring of intelligence {unknown}
 G - an uncursed ring of see invisible
 O - the ring "Reonk" (left claw) {+Fly rPois Int+2 Dex+4}
   (You took it off a rakshasa on level 11 of the Dungeon)

   [ring of flight]

   It affects your intelligence (+2).
   It affects your dexterity (+4).
   It protects you from poison.
   It lets you fly.
 P - an amulet of reflection (around neck)
 V - the ring "Xovaock" (right claw) {rElec rCorr Int+4}
   (You took it off a centaur warrior on level 12 of the Dungeon)

   [ring of resist corrosion]

   It affects your intelligence (+4).
   It insulates you from electricity.
   It provides partial protection from all sources of acid and corrosion.
 X - an uncursed ring of positive energy
Wands
 e - a wand of polymorph (8)
 r - a wand of random effects (14)
 v - a wand of flame (51)
 B - a wand of paralysis (5)
 H - a wand of digging (5)
 L - a wand of acid (2)
Scrolls
 g - 4 scrolls of blinking
 k - 2 scrolls of enchant armour
 m - 2 scrolls of remove curse
 o - 3 scrolls of enchant weapon
 p - a scroll of immolation
 t - 5 scrolls of teleportation
 C - 2 scrolls of amnesia
 D - 2 scrolls of identify
 E - 3 scrolls of fear
 Z - 2 scrolls of fog
Potions
 a - 6 potions of curing
 b - 4 potions of ambrosia
 c - 6 potions of lignification
 d - 3 potions of haste
 f - 3 potions of invisibility
 h - 6 potions of heal wounds
 s - 4 potions of resistance
 u - 3 potions of cancellation
 A - 4 potions of magic
 M - 3 potions of flight
 Q - a potion of might
Miscellaneous
 q - a box of beasts (inert)


   Skills:
 - Level 1.7 Dodging
 - Level 1.7 Stealth
 + Level 8.3 Shields
 + Level 9.0 Spellcasting
 + Level 8.8 Conjurations
 + Level 8.7 Transmutations
 + Level 8.3 Fire Magic
 + Level 6.5 Ice Magic
 + Level 8.3 Air Magic
 * Level 12.7 Poison Magic


You had 13 spell levels left.
You knew the following spells:

 Your Spells              Type           Power        Failure   Level
a - Freezing Cloud        Conj/Ice/Air   27%          92%         6
b - Poisonous Vapours     Pois/Air       100%         1%          2
c - Ignite Poison         Fire/Tmut/Pois 80%          1%          3
d - Mephitic Cloud        Conj/Pois/Air  62%          1%          3
e - Olgreb's Toxic Radia  Pois           71%          1%          4

Your spell library contained the following spells:

 Spells                   Type           Power        Failure   Level
 Shock                    Conj/Air       100%         1%          1
 Sting                    Tmut/Pois      100%         1%          1
 Swiftness                Air            56%          1%          2
 Freeze                   Ice            100%         2%          1
 Static Discharge         Conj/Air       57%          3%          3
 Frozen Ramparts          Ice            98%          8%          3
 Ozocubu's Armour         Ice            49%          8%          3
 Passwall                 Tmut/Erth      30%          10%         2
 Airstrike                Air            28%          12%         4
 Ensorcelled Hibernation  Hex/Ice        62%          16%         2
 Hailstorm                Conj/Ice       54%          16%         4
 Stone Arrow              Conj/Erth      74%          19%         3
 Lightning Bolt           Conj/Air       28%          30%         5
 Sandblast                Erth           24%          36%         1
 Blink                    Tloc           N/A          50%         2
 Iskenderun's Mystic Bla  Conj/Tloc      37%          52%         4
 Petrify                  Tmut/Erth      37%          54%         4
 Summon Ice Beast         Ice/Summ       31%          69%         4
 Gell's Gravitas          Tloc           6%           75%         3
 Lesser Beckoning         Tloc           6%           75%         3
 Teleport Other           Tloc           12%          75%         3
 Passage of Golubria      Tloc           N/A          98%         4
 Lee's Rapid Deconstruct  Erth           6%           100%        5


Dungeon Overview and Level Annotations

Branches:
Dungeon (15/15)            Temple (1/1) D:6            Lair (1/6) D:9
    Orc (2/2) D:12            Elf (0/3) Orc:2        Vaults (0/5) D:14
 Depths (0/5) D:15        Ossuary (visited)          Bailey (visited)
  IceCv (visited)

Altars:
Ashenzari
Cheibriados
Dithmenos
Elyvilon
Fedhas
Gozag
Hepliaklqana
Kikubaaqudgha
Makhleb
Nemelex Xobeh
Okawaru
Qazlal
Ru
Sif Muna
Trog
Uskayaw
Vehumet
Wu Jian
Xom
Yredelemnul
Zin
The Shining One
Beogh

Shops:
D:14 =*!*   Orc:1 [   Orc:2 (:!?

Portals:
Pandemonium: Orc:2

Annotations:
D:9 2 transporters, p0werm0de's ghost, journeyman MiFi
Lair:1 1 transporter, Firil's ghost, journeyman OpFE


Innate Abilities, Weirdness & Mutations

You have sharp fingernails.
You are completely covered in slimy green scales. (AC +4, rPois)
Your flesh is cold resistant. (rC+)
A weak demonic guardian rushes to your aid.
Armour fits poorly on your strangely shaped body.


Message History

Unknown command.
Casting: Mephitic Cloud (safe; 1% risk of failure)
Confirm with . or Enter, or press ? or * to list all spells.
You feel a surge of power!
You ignite the poison in your surroundings!
The basilisk is engulfed in blazing flames.
The cane toad is engulfed in blazing flames.
The cane toad stings you!!
* * * LOW HITPOINT WARNING * * *
Unknown command.
You barely miss the cane toad.
The cane toad is moderately wounded.
The cane toad is engulfed in blazing flames.
You block the cane toad's attack.
You hit the cane toad.
The cane toad is heavily wounded.
The cane toad is engulfed in blazing flames.
The cane toad stings you!
You die...
Your body crumbles into a pile of gold.

### ... ..# ..# ...# #
##.# #...# #. ## #...
#...# #..#P###.###...# ##.
#.!............########.#.
#.....☼§☼.................
#.....l§F@................
#.....§○§.................
#.........................
#...#...#####.............
#.....###.yS###..#.##..#..
#....# .......#.##.##.#...
#.... ..#.#...#.#.....##..
#... #..#.#...#.......##<.
#... ## ..F.#.##.......#..


You could see a moth of wrath, a black mamba, a cane toad and a basilisk
(confused).

Vanquished Creatures
  Rupert (D:15)
  Gastronok (D:9)
  Louise (D:14)
  Erolcha (D:13)
  A rakshasa (D:11)
  A boulder beetle (D:14)
  Harold (D:8)
  4 vault guards (D:14)
  A hydra (D:11)
  A death knight (D:14)
  An ice dragon (D:15)
  4 centaur warriors
  8 two-headed ogres
  An ogre mage (D:15)
  5 orc high priests
  A sixfirhy (Orc:2)
  A gelid demonspawn (Orc:2)
  A torturous demonspawn (Orc:2)
  Pikel (D:5)
  5 orc knights (Orc:2)
  3 deep elf magi
  3 cyclopes
  8 orc sorcerers
  A manticore (D:11)
  3 ice statues (IceCv)
  Psyche (D:8)
  An orange demon (Orc:2)
  Joseph (D:8)
  A gargoyle (D:9)
  Maurice (D:12)
  A centaur skeleton (D:12)
  A kobold demonologist (Bailey)
  2 rime drakes (D:12)
  A komodo dragon (D:8)
  A yaktaur (D:12)
  10 trolls
  2 tengu conjurers (D:14)
  6 ice devils (IceCv)
  A hornet (D:12)
  A harpy zombie (D:15)
  3 meliai (D:15)
  Prince Ribbit (D:5)
  7 slime creatures
  A meliai zombie (D:15)
  Sigmund (D:2)
  2 shadows
  2 wyverns
  2 ynoxinuls (Orc:2)
  4 wraiths
  12 yaks
  A vampire mosquito (D:14)
  A neqoxec (Orc:2)
  Menkaure (D:7)
  Grum (D:9)
  An acid dragon (D:15)
  5 water moccasins
  A soldier ant (D:12)
  Duvessa (D:4)
  3 wargs
  4 ice beasts
  3 black bears (D:9)
  An eye of draining (D:14)
  35 orc warriors
  14 ogres
  4 sky beasts
  7 centaurs
  3 wolves
  2 lemures
  A big kobold (D:9)
  Blork the orc (D:5)
  16 bullfrogs
  A gnoll sergeant (D:12)
  6 scorpions
  A killer bee (D:6)
  13 wights
  5 electric eels (Bailey)
  3 howler monkeys
  3 bullfrog zombies
  5 centaur zombies
  2 draconian simulacra (IceCv)
  2 quasits (D:12)
  7 hounds
  2 jellies
  5 bullfrog skeletons
  28 orc priests
  21 orc wizards
  Crazy Yiuf (D:2)
  6 iguanas
  Natasha (thrice) (D:4)
  2 spriggan simulacra (IceCv)
  10 worker ants
  4 troll simulacra (IceCv)
  A centaur simulacrum (IceCv)
  2 mummies
  A howler monkey zombie (D:2)
  2 worker ant zombies
  Robin (D:4)
  A howler monkey skeleton (D:6)
  11 adders
  9 gnolls
  A naga simulacrum (IceCv)
  A shadow imp (D:8)
  4 white imps
  2 ufetubi
  An ooze (D:1)
  An adder skeleton (D:9)
  4 worms
  3 dart slugs
  7 leopard geckos
  89 orcs
  2 ball pythons (D:6)
  9 giant cockroaches
  21 hobgoblins
  16 jackals
  5 quokkas
  9 bats
  7 frilled lizards
  9 gnoll skeletons (Ossuary)
  29 goblins
  A jackal skeleton (D:4)
  16 kobolds
  6 kobold skeletons (Ossuary)
  8 orc skeletons (Ossuary)
  A quokka skeleton (D:8)
  4 rats
645 creatures vanquished.

Vanquished Creatures (collateral kills)
  A fire dragon (D:15)
  A necromancer (IceCv)
  A manticore (D:13)
  Grinder (D:3)
  A water moccasin (D:8)
  Dowan (D:4)
  A hound (D:6)
  A worker ant (D:5)
  An adder (D:8)
  A bat (D:3)
  A goblin (D:3)
  An orc skeleton (Ossuary)
12 creatures vanquished.

Vanquished Creatures (others)
  An unseen horror (D:15)
  53 fungi
  46 plants (D:9)
100 creatures vanquished.

Grand Total: 757 creatures vanquished

Notes
Turn   | Place    | Note
-------+----------+-------------------------------------------
     0 | D:1      | MajorAdolf the Demonspawn Venom Mage began the quest for
                  | the Orb.
     0 | D:1      | Reached XP level 1. HP: 13/13 MP: 3/3
    53 | D:1      | Reached skill level 1 in Transmutations
   352 | D:1      | Gained mutation: You are partially covered in slimy green
                  | scales. (AC +2) [demonic ancestry]
   352 | D:1      | Reached XP level 2. HP: 19/19 MP: 1/5
  1029 | D:1      | Gained mutation: A weak demonic guardian rushes to your
                  | aid. [demonic ancestry]
  1029 | D:1      | Reached XP level 3. HP: 24/24 MP: 2/6
  2206 | D:2      | Learned a level 2 spell: Poisonous Vapours
  2375 | D:2      | Reached XP level 4. HP: 10/30 MP: 8/8
  3161 | D:2      | Noticed Sigmund
  3598 | D:2      | Learned a level 3 spell: Ignite Poison
  3745 | D:2      | Killed Sigmund
  3746 | D:2      | Reached skill level 1 in Shields
  3746 | D:2      | Reached skill level 1 in Fire Magic
  3746 | D:2      | Reached skill level 1 in Air Magic
  3746 | D:2      | Reached skill level 4 in Poison Magic
  3746 | D:2      | Gained mutation: You are mostly covered in slimy green
                  | scales. (AC +3) [demonic ancestry]
  3746 | D:2      | Reached XP level 5. HP: 26/35 MP: 2/9
  4076 | D:2      | Found a runed translucent door.
  4077 | D:2      | Noticed Crazy Yiuf
  4236 | D:2      | Killed Crazy Yiuf
  4237 | D:2      | Reached XP level 6. HP: 41/41 MP: 3/10
  4873 | D:3      | Learned a level 3 spell: Mephitic Cloud
  5250 | D:3      | Noticed Grinder
  5659 | D:3      | Killed Grinder
  5995 | D:4      | Gained mutation: Your flesh is cold resistant. (rC+)
                  | [demonic ancestry]
  5995 | D:4      | Reached XP level 7. HP: 46/46 MP: 3/12
  6648 | D:4      | Noticed Robin
  6953 | D:4      | Noticed Natasha
  6956 | D:4      | Killed Natasha
  6979 | D:4      | Noticed Natasha
  6982 | D:4      | Killed Natasha
  7107 | D:4      | Reached skill level 1 in Conjurations
  7715 | D:4      | Noticed Duvessa
  7741 | D:4      | Noticed Dowan
  7757 | D:4      | Killed Duvessa
  7762 | D:4      | Killed Dowan
  7997 | D:5      | Entered Level 5 of the Dungeon
  8011 | D:5      | Reached skill level 5 in Poison Magic
  8083 | D:5      | Noticed Blork the orc
  8090 | D:5      | Noticed Pikel
  8095 | D:5      | Killed Blork the orc
  8096 | D:5      | Reached XP level 8. HP: 52/52 MP: 0/14
  8212 | D:4      | Killed Robin
  8244 | D:4      | Noticed Natasha
  8246 | D:4      | Killed Natasha
  8438 | D:4      | Learned a level 4 spell: Olgreb's Toxic Radiance
  8543 | D:5      | Noticed Prince Ribbit
  8552 | D:5      | Killed Prince Ribbit
  9592 | D:5      | Killed Pikel
  9593 | D:5      | Reached skill level 6 in Poison Magic
  9593 | D:5      | Reached XP level 9. HP: 57/57 MP: 0/16
  9941 | D:6      | Found a sand-covered staircase.
  9949 | Ossuary  | Entered an ossuary
 10662 | D:6      | Found a shimmering blue altar of Sif Muna.
 10802 | D:6      | Reached skill level 5 in Spellcasting
 11504 | D:6      | Found a staircase to the Ecumenical Temple.
 11706 | D:6      | Found a broken altar of Ashenzari.
 11822 | D:6      | Found a shadowy altar of Dithmenos.
 12170 | D:7      | Found a flagged portal.
 12186 | Bailey   | Entered a bailey
 12352 | Bailey   | Found an iron altar of Okawaru.
 12352 | Bailey   | Noticed a kobold demonologist
 12352 | Bailey   | Noticed an orc high priest
 12355 | Bailey   | Killed a kobold demonologist
 12356 | Bailey   | Reached skill level 7 in Poison Magic
 12357 | Bailey   | Killed an orc high priest
 12358 | Bailey   | Reached skill level 5 in Transmutations
 12556 | Bailey   | Reached XP level 10. HP: 63/63 MP: 4/18
 13526 | Bailey   | Acquired a book of Air
 13609 | D:7      | Noticed Menkaure
 13612 | D:7      | Killed Menkaure
 14617 | D:8      | Noticed Psyche
 14624 | D:8      | Killed Psyche
 14625 | D:8      | Reached skill level 8 in Poison Magic
 14744 | D:8      | Noticed Joseph
 14750 | D:8      | Killed Joseph
 14751 | D:8      | Reached skill level 5 in Shields
 14938 | D:8      | Found a sacrificial altar of Ru.
 15414 | D:8      | Acquired Zocepali's Papyrus of Spatial Cold
 15425 | D:8      | Learned a level 6 spell: Freezing Cloud
 15770 | D:8      | Noticed Harold
 15776 | D:8      | Killed Harold
 15777 | D:8      | Reached skill level 5 in Conjurations
 15777 | D:8      | Reached skill level 1 in Ice Magic
 15777 | D:8      | Reached skill level 5 in Air Magic
 16031 | D:9      | Reached skill level 5 in Fire Magic
 16266 | D:9      | Noticed Grum
 16380 | D:9      | Killed Grum
 16384 | D:9      | Reached XP level 11. HP: 68/68 MP: 4/20
 16501 | D:9      | Noticed Gastronok
 16789 | D:9      | Killed Gastronok
 16790 | D:9      | Reached skill level 9 in Poison Magic
 16948 | Temple   | Entered the Ecumenical Temple
 17668 | D:9      | Found a transporter.
 17669 | D:9      | Noticed a two-headed ogre
 17673 | D:9      | Noticed p0werm0de's ghost (journeyman MiFi)
 18362 | D:9      | Found a burning altar of Makhleb.
 18368 | D:9      | Found a transporter.
 18522 | D:9      | Found an iron altar of Okawaru.
 18916 | D:10     | Entered Level 10 of the Dungeon
 19840 | D:9      | Found an opulent altar of Gozag.
 19888 | D:9      | Became a worshipper of Gozag Ym Sagoz the Greedy
 20460 | D:9      | Found a staircase to the Lair.
 20534 | D:9      | Noticed a two-headed ogre
 20540 | D:9      | Killed a two-headed ogre
 22205 | D:11     | Found a glowing golden altar of the Shining One.
 22605 | D:11     | Noticed a five-headed hydra
 22609 | D:11     | Killed a five-headed hydra
 23241 | D:12     | Noticed Maurice
 23245 | D:12     | Killed Maurice
 23272 | D:12     | Reached skill level 10 in Poison Magic
 23272 | D:12     | Gained mutation: You have sharp fingernails. [demonic
                  | ancestry]
 23272 | D:12     | Reached XP level 12. HP: 64/74 MP: 2/22
 23277 | D:12     | Found a frozen archway.
 23288 | IceCv    | Entered an ice cave
 25842 | D:12     | Noticed a two-headed ogre
 25849 | D:12     | Killed a two-headed ogre
 26856 | D:12     | Identified the +0 robe of the Shore {Stlth+}
 26946 | D:12     | Found a staircase to the Orcish Mines.
 28486 | D:12     | Identified the ring "Xovaock" {rElec rCorr Int+4}
 28486 | D:12     | Noticed a centaur warrior
 28491 | D:12     | Killed a centaur warrior
 28492 | D:12     | Identified the +12 whip of Tusyab {vorpal, rPois rF++ Int-2
                  | SInv}
 28492 | D:12     | Identified the ring "Reonk" {+Fly rPois Int+2 Dex+4}
 28492 | D:12     | Noticed a rakshasa
 29133 | D:11     | Killed a rakshasa
 30041 | Orc:1    | Entered Level 1 of the Orcish Mines
 30215 | Orc:1    | Found Deybaef's Armour Shoppe.
 30218 | Orc:1    | Reached skill level 11 in Poison Magic
 30368 | Orc:1    | Reached XP level 13. HP: 79/79 MP: 10/24
 30711 | Orc:2    | Entered Level 2 of the Orcish Mines
 31243 | Orc:2    | Found a roughly hewn altar of Beogh.
 32612 | Orc:2    | Found Cafiolisk's Magic Scroll Emporium.
 32773 | Orc:2    | Found Ogiquer's Distillery.
 33371 | Orc:2    | Reached skill level 5 in Ice Magic
 34727 | Orc:2    | Found Rutog's Antique Weapon Shop.
 34727 | Orc:2    | Found a one-way gate leading to the halls of Pandemonium.
 34727 | Orc:2    | Found Wisaar's Book Boutique.
 34775 | Orc:2    | Found a staircase to the Elven Halls.
 36554 | D:13     | Noticed Erolcha
 36925 | D:13     | Gained mutation: Your spells are a little harder to cast,
                  | but a little more powerful. [potion of mutation]
 36925 | D:13     | Gained mutation: You are agile. (Dex +2) [potion of
                  | mutation]
 36926 | D:13     | Lost mutation: You are agile. (Dex +2) [potion of mutation]
 36926 | D:13     | Gained mutation: You are dopey. (Int -2) [potion of
                  | mutation]
 36926 | D:13     | Gained mutation: You are clumsy. (Dex -2) [potion of
                  | mutation]
 36926 | D:13     | Lost mutation: You are clumsy. (Dex -2) [potion of
                  | mutation]
 36926 | D:13     | Gained mutation: You expend magic power (3 MP) to
                  | strengthen your wands. [potion of mutation]
 36927 | D:13     | Lost mutation: Your spells are a little harder to cast, but
                  | a little more powerful. [potion of mutation]
 36927 | D:13     | Lost mutation: You are dopey. (Int -2) [potion of mutation]
 36927 | D:13     | Lost mutation: You expend magic power (3 MP) to strengthen
                  | your wands. [potion of mutation]
 36927 | D:13     | Gained mutation: Armour fits poorly on your strangely
                  | shaped body. [potion of mutation]
 36927 | D:13     | Gained mutation: You are completely covered in slimy green
                  | scales. (AC +4, rPois) [potion of mutation]
 37238 | D:13     | Killed Erolcha
 37646 | D:14     | Reached skill level 12 in Poison Magic
 38060 | D:14     | Reached XP level 14. HP: 85/85 MP: 18/26
 38316 | D:14     | Noticed Louise
 38323 | D:14     | Killed Louise
 38438 | D:14     | Found Xudeby Iwn's Assorted Antiques.
 38444 | D:14     | Bought a hardcover book for 495 gold pieces
 38444 | D:14     | Bought a scroll labelled XAB CIHOXAMP for 33 gold pieces
 38444 | D:14     | Bought a cyan potion for 29 gold pieces
 38814 | D:14     | Found a gate to the Vaults.
 39893 | D:15     | Entered Level 15 of the Dungeon
 39893 | D:15     | Noticed Rupert
 39898 | D:15     | Killed Rupert
 41774 | D:15     | Found a staircase to the Depths.
 41962 | Lair:1   | Entered Level 1 of the Lair of Beasts
 42252 | Lair:1   | Found a transporter.
 42253 | Lair:1   | Noticed Firil's ghost (journeyman OpFE)
 42279 | Lair:1   | Slain by a cane toad

Illustrated notes

Levels and vault maps discovered:
D:1:      wheals_arrival_linesprint, layout_loops_cross, minmay_misc_feat_chi
D:2:      layout_basic, uniq_sigmund, uniq_crazy_yiuf_cottage
D:3:      minmay_diamond_boxcup, layout_basic, guppyfry_early_orc_mine,
          uniq_grinder
D:4:      layout_basic, corexii_corridor_pit, minmay_misc_feat_rugged,
          uniq_natasha, uniq_robin, uniq_duvessa
D:5:      layout_loops_ring, hangedman_decor_clover_reticule,
          uniq_prince_ribbit1, uniq_blork_the_orc, uniq_pikel
D:6:      layout_basic, lemuel_coloured_pillars_altar, lemuel_doored_altar,
          nicolae_overflow_crystal_walls, minmay_temple_entry_slanted,
          gup_ossuary_entry_pyramid, minmay_misc_feat_secret_circle,
          minmay_between
D:7:      layout_loops_ring, enter_bailey_5, skrybe_limestone_x, uniq_menkaure
D:8:      layout_loops_ring, nicolae_ru_great_annihilating_truth, uniq_harold,
          uniq_psyche, uniq_joseph
D:9:      layout_loops_ring, grunt_temple_overflow_open, kennysheep_little_box,
          due_lair_maze_entry_diamond, nzn_ghost_randoct, minmay_diced_spiral,
          uniq_grum, uniq_gastronok
D:10:     layout_rooms, kennysheep_generic_room_13
D:11:     layout_rooms, chequers_arboretum, tso_altar
D:12:     minmay_the_grid_octo_triangle [minmay_the_grid_octo_clover_2,
          minmay_the_grid_octo_prize_ultimate_mussel_roller,
          minmay_the_grid_octo_clover], layout_irregular_city, david_orc_3,
          portal_ice_cave_rime, hangedman_decor_peaks_small, uniq_maurice
D:13:     layout_loops_ring, uniq_erolcha
D:14:     layout_loops_cross, lightli_vaults_fourway_checkpoint,
          minmay_misc_feat_encased, serial_shops, shop_statue, uniq_louise
D:15:     grunt_enter_depths_hoard, layout_irregular_city, minmay_hedge_maze,
          corexii_hall_statues_x, uniq_rupert
Temple:   regret_index_temple_generic_petals
Lair:1:   layout_regular_city, gammafunk_ghost_berserking_beasts,
          nicolae_lair_grove_arrangements, serial_bayou_lake_a
Orc:1:    layout_caves, serial_shops, nicolae_shop_trees
Orc:2:    pf_orc_diabolical, layout_diamond_mine, basic_altar

Skill      XL: |  1  2  3  4  5  6  7  8  9 10 11 12 13 14 |
---------------+-------------------------------------------+-----
Transmutations | 1 2 3 4 5 6 7 8 |  8.7
Shields        | 1 2 3 4 5 6 7 8 |  8.3
Spellcasting   | 3 4 5 6 7 8 9 |  9.0
Fire Magic     | 1 2 3 4 5 6 7 8 |  8.3
Air Magic      | 1 2 3 4 5 6 7 8 |  8.3
Poison Magic   | 4 5 6 7 8 10 11 12 | 12.7
Conjurations   | 1 3 4 5 6 7 8 |  8.8
Ice Magic      | 1 3 4 5 6 |  6.5
Dodging        | |  1.7
Stealth        | |  1.7

Action                   |  1- 3 |  4- 6 |  7- 9 | 10-12 | 13-15 || total
-------------------------+-------+-------+-------+-------+-------++-------
Melee: Dagger            |    21 |    44 |    15 |       |       ||    80
       Unarmed           |     1 |       |       |       |       ||     1
       Staff             |       |       |   108 |   412 |   127 ||   647
 Cast: Sting             |    46 |     3 |       |       |       ||    49
       Poisonous Vapours |     3 |    82 |   115 |    68 |    10 ||   278
       Ignite Poison     |       |       |    38 |   186 |   160 ||   384
       Mephitic Cloud    |       |       |    16 |    84 |    38 ||   138
       Olgreb's Toxic Ra |       |       |    13 |   112 |   119 ||   244
Invok: Call Merchant     |       |       |       |       |     3 ||     3
Evoke: Wand              |       |       |       |     5 |     6 ||    11
       Box of beasts     |       |       |       |       |     1 ||     1
  Use: Scroll            |       |       |    18 |    15 |     9 ||    42
       Potion            |       |       |       |     2 |     4 ||     6
 Stab: Distracted        |       |       |     2 |     2 |     1 ||     5
       Sleeping          |       |       |       |     2 |       ||     2
       Confused          |       |       |       |     1 |       ||     1
Armor: Robe              |    16 |    30 |    48 |   130 |    64 ||   288
       Leather armour    |       |       |       |    27 |       ||    27
       Skin              |       |       |       |     8 |       ||     8
Dodge: Dodged            |    35 |    34 |    80 |   159 |    49 ||   357
Block: Buckler           |       |       |    28 |    90 |       ||   118
       Kite shield       |       |       |       |   223 |    76 ||   299
       Reflection        |       |       |       |     7 |     8 ||    15
       Tower shield      |       |       |       |       |    76 ||    76
